 Dungeon Crawl Stone Soup version 0.18-a0-1577-gf591c28 (webtiles) character file.

529 namelastname112 the Skirmisher (level 7, 20/62 HPs)
             Began as a Mottled Draconian Wanderer on Mar 22, 2016.
             Quit the game on level 4 of the Dungeon.
             The game lasted 00:04:12 (2662 turns).

namelastname112 the Skirmisher (DrWn)               Turns: 2662, Time: 00:04:12

Health: 20/62      AC: 12    Str: 12    XL:     7   Next: 3%
Magic:  8/8        EV: 14    Int: 14    God:
Gold:   133        SH:  0    Dex: 13    Spells: 0 memorised, 8 levels left

rFire  . . .     SeeInvis +     g - +2 dagger (protect)
rCold  . . .     Gourm    .     (armour unavailable)
rNeg   . . .     Faith    .     (no shield)
rPois  .         Spirit   .     (helmet restricted)
rElec  .         Dismiss  .     l - +0 cloak (curse)
rCorr  .         Reflect  .     (no gloves)
SustAt .         Harm     .     (no boots)
MR     .....                    (no amulet)
Stlth  ++........               (no ring)
                                o - ring of see invisible

@: not resistant to hostile enchantments, unstealthy
A: breathe sticky flame splash, unfitting armour, cold-blooded, AC +6
a: Breathe Sticky Flame


You were on level 4 of the Dungeon.
You were not hungry.

You visited 1 branch of the dungeon, and saw 4 of its levels.

You collected 133 gold pieces.

Inventory:

Hand Weapons
 a - a +2 spear
 d - a +0 dagger
 g - a +2 dagger of protection (weapon)
 x - a +0 arbalest
Armour
 l - a cursed +0 cloak (worn)
Jewellery
 o - a ring of see invisible (left hand)
Wands
 u - a wand of random effects (28/48)
 z - a wand of confusion (20/48)
Scrolls
 e - a scroll of remove curse {unknown}
 h - 3 scrolls of amnesia {unknown}
 i - a scroll of magic mapping {unknown}
 k - 2 scrolls of identify {unknown}
 q - 5 scrolls of teleportation {unknown}
 v - a scroll of fog {unknown}
Potions
 c - 2 potions of curing
 m - a potion of lignification {unknown}
 n - a potion of cancellation {unknown}
 p - a potion of degeneration {unknown}
 r - a potion of haste
 s - a potion of might
 t - a potion of flight {unknown}
Books
 b - the Disquisition on Hexes

   Spells                             Type                      Level
   a - Corona                         Hexes                        1
   b - Tukima's Dance                 Hexes                        3
 y - a book of Summonings

   Spells                             Type                      Level
   a - Recall                         Summoning/Translocation      3
   b - Aura of Abjuration             Summoning                    5
   c - Summon Demon                   Summoning                    5
   d - Summon Forest                  Summoning/Translocation      5
   e - Summon Mana Viper              Hexes/Summoning              5
   f - Shadow Creatures               Summoning                    6
Comestibles
 f - 2 bread rations
 j - a meat ration
 w - 2 fruits
 A - 2 chunks of flesh


   Skills:
 + Level 5.8 Fighting
 - Level 1.2 Polearms
 + Level 4.6 Dodging
 - Level 2.6 Stealth
 - Level 1.0 Spellcasting
   Level 1.0 Conjurations
   Level 1.0 Air Magic
 - Level 1.0 Evocations


You had 8 spell levels left.
You didn't know any spells.

Dungeon Overview and Level Annotations

Branches:
Dungeon (4/15)
 Temple: D:4-7

Altars:
Qazlal
Trog


Innate Abilities, Weirdness & Mutations

You can spit globs of burning liquid.
You can ignite nearby creatures when you spit burning liquid.
Your weird mottled scales are hard (AC +6).
Your body does not fit into most forms of armour.
You are cold-blooded and may be slowed by cold attacks.


Message History

You feel sick!
The worker ant waves its antennae!
The worker ant bites you but does no damage!
You stick the worker ant like a pincushion!
You annihilate the worker ant!!!
You have reached level 7!!!
Your scales start taking on a weird mottled colour!
You learn Fire Magic quicker!
You can spit globs of burning liquid!
You can ignite nearby creatures when you spit burning liquid!
You feel sick!
You feel sick!
You see here a worker ant corpse!
You butcher the worker ant corpse!
A - 2 chunks of flesh You feel sick!
You start resting!
You feel sick! x7
You are no longer poisoned!
An orc is nearby!!!
Are you sure you want to abandon this character and quit the game? (Confirm with "yes"!)

## #.......#.# #.....
...#.......#.# #.....
#...........# #.....
#.#.........# #..)..
#...........#
####.#..#
#.........W.#
#...Wo...
#.##.###.#.##
#.##o#..#
..###...##.#####.##o#
.#
.......@.........##.#
#
#####.#.##.#####.##.#
#.#.##.# #.##[#
#.#.##.# #.##.#
#.#.##.#####.##o#
#.#.##.......o..#
#.#.####.....####
#.#.## #.###.# #.#..#
#.###.#


There were no monsters in sight!

Vanquished Creatures
  The ghost of PeterLawrence the Cudgeler, an amateur GrFi of Okawaru (D:4)
  A water moccasin (D:3)
  A giant frog (D:3)
  A centaur skeleton (D:4)
  A hound (D:4)
  An orc wizard (D:4)
  A worker ant (D:4)
  An adder (D:3)
  An ooze (D:3)
  A worm (D:2)
  4 dart slugs (D:1)
  3 giant geckos
  3 orcs
  4 bats
  3 giant cockroaches
  3 goblins
  7 hobgoblins
  8 jackals
  A quokka (D:3)
  3 giant newts
  9 kobolds
  6 rats
64 creatures vanquished.

Notes
Turn   | Place    | Note
--------------------------------------------------------------
     0 | D:1      | namelastname112 the Draconian Wanderer began the quest for the Orb.
     0 | D:1      | namelastname112 set off with: a +2 spear, the Disquisition on Hexes, a potion of curing, a +0 dagger, a bread ration
     0 | D:1      | Reached XP level 1. HP: 16/16 MP: 2/2
   232 | D:1      | Reached XP level 2. HP: 19/24 MP: 3/3
   307 | D:1      | Reached skill level 2 in Fighting
   437 | D:1      | Reached XP level 3. HP: 24/30 MP: 4/4
  1639 | D:3      | Reached skill level 3 in Fighting
  1669 | D:3      | Noticed a water moccasin
  1696 | D:3      | Killed a water moccasin
  1696 | D:3      | Reached skill level 4 in Fighting
  1696 | D:3      | Reached XP level 4. HP: 18/40 MP: 5/5
  1696 | D:3      | Reached XP level 5. HP: 20/46 MP: 6/6
  2162 | D:3      | Found a stormy altar of Qazlal.
  2364 | D:4      | Noticed PeterLawrence's ghost (amateur GrFi)
  2417 | D:4      | Found a bloodstained altar of Trog.
  2447 | D:4      | Reached XP level 6. HP: 26/55 MP: 7/7
  2453 | D:4      | Reached skill level 5 in Fighting
  2507 | D:4      | Killed PeterLawrence's ghost
  2633 | D:4      | Your scales start taking on a weird mottled colour.
  2633 | D:4      | Reached XP level 7. HP: 25/62 MP: 8/8
  2662 | D:4      | Quit the game

Vault maps used:
D:1:      dpeg_arrival_tiny_i
D:2:      first_bread, minmay_door_square
D:3:      nicolae_qazlal_general_emergency
D:4:      bloody_trog, minmay_temple_entry_fiery

Skill      XL: |  1  2  3  4  5  6 |
---------------+-------------------+-----
Fighting       | 2 4 5 |  5.8
Dodging        | 3 4 |  4.6
Polearms       | |  1.2
Stealth        | |  2.6
Spellcasting   | |  1.0
Conjurations   | |  1.0
Air Magic      | |  1.0
Evocations     | |  1.0

Action                   |  1- 3 |  4- 6 |  7- 9 || total
-------------------------+-------+-------+-------++-------
Melee: Spear             |    22 |       |       ||    22
       Dagger            |   178 |   127 |       ||   305
Evoke: Wand              |       |     6 |       ||     6
  Use: Potion            |     2 |     3 |       ||     5
 Stab: Sleeping          |     4 |     2 |       ||     6
       Confused          |       |     3 |       ||     3
  Eat: Fruit             |     2 |       |       ||     2
       Meat ration       |       |     1 |       ||     1
